 Dungeon Crawl Stone Soup version 0.20.1-1-g8b1a95d (webtiles) character file.

644 KoningWillie the Covered (level 7, -1/61 HPs)
             Began as a Minotaur Fighter on Oct 26, 2017.
             Was a Follower of Elyvilon.
             Slain by Crazy Yiuf
             ... wielding a +4 quarterstaff of chaos
              (3 damage)
             ... on level 4 of the Dungeon.
             The game lasted 00:07:08 (3937 turns).

KoningWillie the Covered (Minotaur Fighter)         Turns: 3937, Time: 00:07:09

Health: -1/61      AC: 10    Str: 23    XL:     7   Next: 27%
Magic:  4/6        EV:  2    Int:  5    God:    Elyvilon [*.....]
Gold:   206        SH:  0    Dex:  9    Spells: 6/6 levels left

rFire    . . .     SeeInvis .   q - +3 scythe (freeze)
rCold    + . .     Gourm    .   (shield currently unavailable)
rNeg     + + +     Faith    .   b - +0 scale mail
rPois    ∞         Spirit   .   (helmet restricted)
rElec    .         Reflect  .   z - scarf {cloud immunity}
rCorr    .         Harm     .   o - +0 pair of gloves
MR       .....                  r - +0 pair of boots
Stlth    ..........             (no amulet)
Regen    0.2/turn               e - ring of positive energy
MPRegen  0.1/turn               c - ring of protection from cold

@: petrified, hasted
A: retaliatory headbutt, horns 2
a: Lesser Healing, Divine Protection, Renounce Religion


You were on level 4 of the Dungeon.
You worshipped Elyvilon.
Elyvilon was aware of your devotion.
You were not hungry.

You visited 1 branch of the dungeon, and saw 4 of its levels.

You collected 206 gold pieces.

Inventory:

Hand Weapons
 a - a +0 long sword
 q - a +3 scythe of freezing (weapon)
Armour
 b - a +0 scale mail (worn)
 o - a +0 pair of gloves (worn)
 r - a +0 pair of boots (worn)
 z - a scarf of cloud immunity (worn)
Jewellery
 c - a ring of protection from cold (right hand)
 e - a ring of positive energy (left hand)
Wands
 u - a wand of confusion (26/48)
Scrolls
 h - 4 scrolls of blinking
 s - a scroll of remove curse
 v - 2 scrolls of teleportation {unknown}
 x - a scroll of enchant weapon {unknown}
Potions
 d - 2 potions of might
 g - a potion of cancellation
 i - a potion of agility
 j - 2 potions of haste
 k - a potion of invisibility {unknown}
 m - a potion of curing {unknown}
Books
 y - a book of Changes

   Spells                             Type                      Level
   a - Beastly Appendage              Transmutation                1
   b - Sticks to Snakes               Transmutation                2
   c - Spider Form                    Transmutation/Poison         3
   d - Ice Form                       Ice/Transmutation            4
   e - Blade Hands                    Transmutation                5
Comestibles
 f - 2 bread rations
 n - 4 fruits
 p - 3 royal jellies
 w - a meat ration


   Skills:
 + Level 5.5 Fighting
 - Level 4.0 Long Blades
 + Level 4.8 Polearms
 + Level 5.9 Armour
 + Level 2.2 Dodging
 + Level 0.1 Stealth
   Level 4.1 Shields


You had 6 spell levels left.
You didn't know any spells.

Dungeon Overview and Level Annotations

Branches:
Dungeon (4/15)
 Temple: D:4-7

Altars:
Elyvilon
Kikubaaqudgha
Qazlal
Ru
Trog

Shops:
D:4 (

Annotations:
D:4 Crazy Yiuf


Innate Abilities, Weirdness & Mutations

You reflexively headbutt those who attack you in melee.
You have a pair of horns on your head.


Message History

You barely miss Crazy Yiuf.
Crazy Yiuf is severely wounded.
Crazy Yiuf says, "Dawk bag stair!"
Crazy Yiuf hits you but does no damage.
Crazy Yiuf zaps a wand.
The puff of flame hits you!
* * * LOW HITPOINT WARNING * * *
Crazy Yiuf zaps a wand.
The puff of flame hits you!
You have turned to stone.
Crazy Yiuf hits you but does no damage.
Crazy Yiuf hits you with a quarterstaff of chaos.
* * * LOW HITPOINT WARNING * * *
Crazy Yiuf burns you.
* * * LOW HITPOINT WARNING * * *
Crazy Yiuf hits you with a quarterstaff of chaos!
* * * LOW HITPOINT WARNING * * *
Crazy Yiuf hits you with a quarterstaff of chaos!
Elyvilon protects you from harm!
You feel yourself speed up.
Crazy Yiuf zaps a wand.
The puff of flame hits you!
Crazy Yiuf hits you with a quarterstaff of chaos.
You die...

#.#
#....##.##
#.#
###....#.#
#.#
##.##.###
### #.##†..#
###.##8..8
#####
#...#_....
#..)#
#.#.###..#
#.g.#
###.#.##....
#.@.#
#...#.###..#
##'##
#####.##....
♣♣.♣
#.###..#
♣.♣♣
#.#.....
♣♣.♣
#.###..#
♣.♣♣
#####.#⌠....
♣♣.♣♣
#..†..##.8_#
♣...♣♣
#.##########
♣....♣ #.#


You could see Crazy Yiuf.

Vanquished Creatures
  Sigmund (D:2)
  A hound (D:4)
  2 centaur skeletons (D:4)
  5 orc wizards
  2 orc priests
  2 worker ants (D:4)
  A hound skeleton (D:4)
  7 adders
  2 oozes
  3 worms
  2 dart slugs
  A leopard gecko (D:4)
  14 orcs
  3 giant cockroaches
  4 goblins
  6 hobgoblins
  6 kobolds
  A quokka (D:3)
  A ball python (D:2)
  4 bats
  5 frilled lizards
  A leopard gecko skeleton (D:4)
  6 rats
80 creatures vanquished.

Notes
Turn   | Place    | Note
-------+----------+-------------------------------------------
     0 | D:1      | KoningWillie the Minotaur Fighter began the quest for the Orb.
     0 | D:1      | Reached XP level 1. HP: 19/19 MP: 0/0
    86 | D:1      | Reached XP level 2. HP: 24/27 MP: 1/1
   979 | D:2      | Reached XP level 3. HP: 34/34 MP: 2/2
  1337 | D:2      | Noticed Sigmund
  1345 | D:2      | Killed Sigmund
  1345 | D:2      | Reached skill level 5 in Armour
  1345 | D:2      | Reached skill level 1 in Dodging
  1345 | D:2      | Reached XP level 4. HP: 19/41 MP: 3/3
  1345 | D:2      | Reached XP level 5. HP: 21/47 MP: 4/4
  1760 | D:3      | Reached skill level 1 in Polearms
  2098 | D:3      | Found a white marble altar of Elyvilon.
  2114 | D:3      | Reached skill level 5 in Fighting
  2114 | D:3      | Reached XP level 6. HP: 46/56 MP: 5/5
  2221 | D:3      | Became a worshipper of Elyvilon the Healer
  2968 | D:4      | Found Heulelem's Weapon Shoppe.
  3028 | D:4      | Reached * piety under Elyvilon
  3595 | D:4      | Reached XP level 7. HP: 61/61 MP: 6/6
  3604 | D:4      | Found a bloodstained altar of Trog.
  3738 | D:4      | Found a stormy altar of Qazlal.
  3799 | D:4      | Found a sacrificial altar of Ru.
  3811 | D:4      | Found an ancient bone altar of Kikubaaqudgha.
  3918 | D:4      | Found a runed door.
  3922 | D:4      | Noticed Crazy Yiuf
  3933 | D:4      | HP: 2/61 [Crazy Yiuf/quarterstaff of chaos (5)]
  3934 | D:4      | Elyvilon protects you from harm!
  3937 | D:4      | Slain by Crazy Yiuf

Skill      XL: |  1  2  3  4  5  6 |
---------------+-------------------+-----
Fighting       | 4 5 |  5.5
Armour         | 5 |  5.9
Long Blades    | 4 |  4.0
Dodging        | 1 2 |  2.2
Shields        | 4 |  4.1
Polearms       | 2 4 |  4.8
Stealth        | |  0.1

Action                   |  1- 3 |  4- 6 |  7- 9 || total
-------------------------+-------+-------+-------++-------
Melee: Long sword        |    53 |     3 |       ||    56
       Headbutt          |    11 |    15 |     3 ||    29
       Scythe            |       |    94 |    15 ||   109
  Use: Scroll            |     3 |     8 |       ||    11
  Eat: Bread ration      |     1 |       |       ||     1
       Meat ration       |       |     1 |       ||     1
Armor: Scale mail        |    22 |    70 |    12 ||   104
Dodge: Dodged            |    14 |    69 |     6 ||    89
Block: Shield            |    37 |     2 |       ||    39
       Rpst.: Long sword |     2 |       |       ||     2
